 Dungeon Crawl Stone Soup version 0.30-a0-219-gf2db51d15e (webtiles) character file.

Game seed: 4543859430946232936

57 Decritt the Grasshopper (level 3, -2/18 HPs)
             Began as a Spriggan Warper on Oct 7, 2022.
             Killed by divine providence
             ... invoked by an orc priest
              (10 damage)
             ... on level 3 of the Dungeon.
             The game lasted 00:07:02 (1727 turns).

Decritt the Grasshopper (Spriggan Warper)           Turns: 1727, Time: 00:07:03

Health: -2/18      AC:  2    Str: 11    XL:     3   Next: 73%
Magic:  0/8        EV: 18    Int: 14    God:
Gold:   68         SH:  0    Dex: 16    Spells: 8/8 levels left

rFire   . . .      SeeInvis +    o - +8 mace of the Scroll {vorpal, Str+4}
rCold   . . .      Faith    .    (no shield)
rNeg    . . .      Spirit   +    b - +0 robe
rPois   .          Reflect  .    (helmet restricted)
rElec   .          Harm     .    (no cloak)
rCorr   .          Rampage  .    (gloves unavailable)
Will    .....                    (boots unavailable)
Stlth   ++........               f - amulet of guardian spirit
HPRegen 0.23/turn                (no ring)
MPRegen 0.11/turn                (no ring)

@: very quick
A: very small, no large weapons, unfitting armour, see invisible, speed 3
a: no special abilities


You were on level 3 of the Dungeon.
You visited 1 branch of the dungeon, and saw 3 of its levels.

You collected 68 gold pieces.

Inventory:

Hand Weapons
 a - a +0 short sword
 o - the +8 mace of the Scroll (weapon) {vorpal, Str+4}
   (You found it on level 3 of the Dungeon)

   It inflicts extra damage upon your enemies.
   Str:       It affects your strength (+4).
Missiles
 d - 4 boomerangs of dispersal
 e - 2 boomerangs
 m - a poisoned dart (quivered)
Armour
 b - a +0 robe (worn)
Jewellery
 f - an amulet of guardian spirit (around neck)
Wands
 p - a wand of digging (5)
Scrolls
 c - a scroll of blinking
 h - 2 scrolls of enchant weapon
 i - a scroll of poison {unknown}
 k - a scroll of teleportation {unknown}
Potions
 g - a potion of might


   Skills:
 + Level 2.0 Fighting
 + Level 2.7 Short Blades
 - Level 1.0 Throwing
 - Level 3.2 Dodging
 * Level 2.9 Stealth
 + Level 3.2 Spellcasting
 + Level 5.0 Translocations


You had 8 spell levels left.
You didn't know any spells.
Your spell library contained the following spells:

 Spells                   Type           Power      Damage    Failure   Level
 Blink                    Tloc           32%        N/A       4%          2
 Lesser Beckoning         Tloc           32%        N/A       9%          3
 Teleport Other           Tloc           16%        N/A       9%          3
 Vhi's Electric Charge    Tloc/Air       18%        N/A       22%         3
 Manifold Assault         Tloc           16%        N/A       26%         4
 Storm Form               Tmut/Air       1%         N/A       100%        7


Dungeon Overview and Level Annotations

Branches:
Dungeon (3/15)

Altars:

Annotations:
D:2 Sigmund


Innate Abilities, Weirdness & Mutations

You are very small and have problems with some larger weapons.
You are too small for most types of armour.
You have supernaturally acute eyesight. (SInv)
You cover ground extremely quickly. (Speed+++)


Message History

Your Fighting skill increases to level 2!
Your Translocations skill increases to level 5!
You thump the rat!
You kill the rat!
You feel sick.
No target in view!
You start resting.
You feel sick.
Magic restored.
You feel sick.
You are no longer poisoned.
You start resting.
HP restored.
You open the door.
An orc wizard and an orc priest come into view.
Found a plate armour.
An orc and a hobgoblin come into view.
Found a potion of curing.
There is an open door here.
The orc wizard shouts!
The orc wizard casts a spell at you. You resist with some effort.
There is an open door here.
The orc wizard casts a spell at you. The magic dart hits you.
The orc shouts!
The orc priest hits you with a +0 mace!
The orc wizard points at you and mumbles some strange words.
The puff of flame hits you.
* * * LOW HITPOINT WARNING * * *
You barely miss the orc priest. The orc priest misses you.
The orc wizard closely misses you.
The orc throws a boomerang.
The boomerang misses you.
You sock the orc priest!
The orc priest is severely wounded.
The orc priest completely misses you. The orc wizard barely misses you.
You closely miss the orc priest.
The orc priest is severely wounded.
The orc priest calls down the wrath of Beogh upon you.
Beogh smites you!
Ouch! That really hurt!
You die...

........#..................
#####.#....................
#.#.#..........########
#.#.#..........#
#####.#.#..........#
....#.#.#..........#
......#.#......#'#######
....###.######.o.[..!...
....# #.# #..@....... ....#
#.# #..o....... ....# #.#
#.......... ....# #.#
#.......... ....# #.#
#..g...o... ....###'##
#.......... .........##
#.......... .. ..........#
#####.?...##.#
..........########.....##.#


You could see an orc priest, an orc wizard, an orc and a hobgoblin.

Vanquished Creatures
  An adder (D:3)
  A gnoll (D:3)
  A dart slug (D:1)
  An orc (D:3)
  3 ball pythons
  An endoplasm (D:3)
  3 giant cockroaches
  A goblin (D:3)
  6 hobgoblins
  A kobold (D:2)
  A quokka (D:1)
  5 bats
  3 frilled lizards
  7 rats
35 creatures vanquished.

Notes
Turn   | Place    | Note
-------+----------+-------------------------------------------
     0 | D:1      | Decritt the Spriggan Warper began the quest for the Orb.
     0 | D:1      | Reached XP level 1. HP: 10/10 MP: 5/5
   397 | D:1      | Reached skill level 1 in Stealth
   404 | D:1      | Reached XP level 2. HP: 13/15 MP: 1/6
   808 | D:2      | Noticed Sigmund
  1192 | D:3      | Identified the +8 mace of the Scroll {vorpal, Str+4}
  1268 | D:3      | Reached XP level 3. HP: 18/18 MP: 8/8
  1672 | D:3      | Reached skill level 5 in Translocations
  1727 | D:3      | Killed from afar by an orc priest

Illustrated notes

Levels and vault maps discovered:
D:1:      mrwooster_arrival_statue_2, layout_basic, serial_forest,
          infiniplex_forest_straight_2, infiniplex_forest_clump_small,
          infiniplex_forest_lined_3_way, infiniplex_forest_clump_large,
          infiniplex_forest_clump_small, infiniplex_forest_end_2,
          infiniplex_forest_clump_long, dreamdust_princess_corridor,
          hangedman_feature_mirror, chequers_serial_rivers_micro_c
D:2:      layout_loops_ring, serial_glass, glass_columns_b, glass_columns_b,
          uniq_sigmund
D:3:      layout_basic, shapermc_ecumenical_altar_venn

Skill      XL: |  1  2  3 |
---------------+----------+-----
Stealth        | 1 2 |  2.9
Spellcasting   | 3 |  3.2
Fighting       | 2 |  2.0
Translocations | 5 |  5.0
Short Blades   | |  2.7
Throwing       | |  1.0
Dodging        | |  3.2

Action                   || total
-------------------------++-------
Melee: Short sword       ||    60
       Punch             ||     1
       Mace              ||    33
Throw: Boomerang         ||     3
       Dart              ||     5
  Use: Scroll            ||     5
       Potion            ||     4
 Stab: Sleeping          ||     5
Armor: Robe              ||    10
       Skin              ||     8
Dodge: Dodged            ||    77

Table legend: (Time is in decaauts)
 A = Elapsed time spent in this place.
 B = Non-inter-level travel time spent in this place.
 C = Inter-level travel time spent in this place.
 D = Time resting spent in this place.
 E = Time spent auto-exploring this place.
 F = Levels seen in this place.
 G = Mean time per level.
                   A        B        C        D        E       F      G
               +--------+--------+--------+--------+--------+-----+--------+
         Total |   1239 |   1170 |     69 |    233 |    608 |   3 |  413.0 |
       Dungeon |   1239 |   1170 |     69 |    233 |    608 |   3 |  413.0 |
               +--------+--------+--------+--------+--------+-----+--------+

Top non-repeatable levels by time:
     D:1: 655 daAuts
     D:2: 309 daAuts
     D:3: 274 daAuts
